 Dungeon Crawl Stone Soup version 0.21-a0-538-gd16b88a (webtiles) character file.

21 mortelune the Firebug (level 2, -2/15 HPs)
             Began as a Deep Elf Fire Elementalist on Dec 16, 2017.
             Slain by a worker ant (6 damage)
             ... on level 2 of the Dungeon.
             The game lasted 00:02:50 (1052 turns).

mortelune the Firebug (Deep Elf Fire Elementalist)  Turns: 1052, Time: 00:02:50

Health: -2/15      AC:  2    Str:  5    XL:     2   Next: 65%
Magic:  0/8        EV: 13    Int: 19    God:
Gold:   14         SH:  0    Dex: 15    Spells: 4/7 levels left

rFire    . . .     SeeInvis .   h - +1 mace (holy)
rCold    . . .     Gourm    .   (no shield)
rNeg     . . .     Faith    .   a - +0 robe
rPois    .         Spirit   .   (no helmet)
rElec    .         Reflect  .   (no cloak)
rCorr    .         Harm     .   (no gloves)
MR       .....                  (no boots)
Stlth    ++........             (no amulet)
HPRegen  0.05/turn              (no ring)
MPRegen  0.11/turn              (no ring)

@: lethally poisoned (-2 -> -11)
A: no striking features
a: no special abilities


You were on level 2 of the Dungeon.
You were hungry.

You visited 1 branch of the dungeon, and saw 2 of its levels.

You collected 14 gold pieces.

Inventory:

Hand Weapons
 f - a +0 club
 h - a +1 mace of holy wrath (weapon)
Armour
 a - a +0 robe (worn)
Scrolls
 e - a scroll of fear {unknown}
 g - a scroll of identify {unknown}
 i - a scroll of enchant weapon {unknown}
Books
 b - a book of Flames

   Spells                             Type                      Level
   a - Flame Tongue                   Conjuration/Fire             1
   b - Throw Flame                    Conjuration/Fire             2
   c - Conjure Flame                  Conjuration/Fire             3
   d - Inner Flame                    Hexes/Fire                   3
   e - Sticky Flame                   Conjuration/Fire             4
   f - Fireball                       Conjuration/Fire             5
Comestibles
 c - 2 bread rations
 d - 2 chunks of flesh
 j - a royal jelly


   Skills:
 - Level 2.4 Dodging
 - Level 2.4 Stealth
 + Level 3.4 Spellcasting
 * Level 2.2 Conjurations
 + Level 3.6 Fire Magic


You had 4 spell levels left.
You knew the following spells:

 Your Spells              Type           Power        Failure   Level  Hunger
a - Flame Tongue          Conj/Fire      ##...        4%          1    None
b - Throw Flame           Conj/Fire      ##....       7%          2    ##.....


Dungeon Overview and Level Annotations

Branches:
Dungeon (2/15)

Altars:
Ru


Message History

The worker ant bites you!
Casting: Flame Tongue
Confirm with . or Enter, or press ? or * to list all spells.
Aiming: Flame Tongue
Press: ? - help, Shift-Dir - straight line, f/p - worker ant
Aim: a worker ant (moderately wounded)
The flame tongue hits the worker ant.
The worker ant is heavily wounded.
The worker ant bites you.
You are lethally poisoned!
The worker ant poisons you! The worker ant closely misses you.
Casting: Flame Tongue
Confirm with . or Enter, or press ? or * to list all spells.
Aiming: Flame Tongue
Press: ? - help, Shift-Dir - straight line, f/p - worker ant
Aim: a worker ant (heavily wounded)
The flame tongue misses the worker ant.
* * * LOW HITPOINT WARNING * * *
You feel sick. The worker ant bites you.
You die...

########..._....#
#....#.##..#
##.###..##.....
#..............
#..###..........
#..# ######.####
#..# # #a.# #@.#
#<.# #..# #..#
#..# #..# #.##
#.# #.#


You could see a worker ant.

Vanquished Creatures
  A dart slug (D:2)
  4 bats (D:1)
  3 goblins (D:1)
  2 hobgoblins (D:1)
  3 jackals (D:2)
  A frilled lizard (D:1)
  A kobold (D:1)
  2 rats (D:1)
17 creatures vanquished.

Notes
Turn   | Place    | Note
-------+----------+-------------------------------------------
     0 | D:1      | mortelune the Deep Elf Fire Elementalist began the quest for the Orb.
     0 | D:1      | Reached XP level 1. HP: 10/10 MP: 6/6
   344 | D:1      | Reached XP level 2. HP: 15/15 MP: 5/8
   463 | D:1      | Learned a level 2 spell: Throw Flame
   949 | D:2      | Found a sacrificial altar of Ru.
  1052 | D:2      | Slain by a worker ant

Vault maps used:
D:1:      minmay_arrival_radiant_lines
D:2:      lemuel_crystal_altar, minmay_misc_feat_x,
          nemelex_xobeh_ov_fountains_minmay

Skill      XL: |  1  2 |
---------------+-------+-----
Conjurations   | 2 |  2.2
Dodging        | |  2.4
Stealth        | |  2.4
Spellcasting   | |  3.4
Fire Magic     | |  3.6

Action                   || total
-------------------------++-------
Melee: Mace              ||     2
 Cast: Flame Tongue      ||    20
       Throw Flame       ||     9
Armor: Robe              ||     3
Dodge: Dodged            ||     9

Table legend:
 A = Spawn XP
 B = Non-spawn XP
 C = Spawn XP percentage of total XP
 D = Spawn monster count
 E = Non-spawn monster count
 F = Spawn count percentage of total count
 G = Total turns spent on level
                    A         B        C        D         E        F      G
               +---------+---------+-------+---------+---------+-------+---------
         Total |       0 |      31 |   0.0 |       0 |      17 |   0.0 |  1052
               +---------+---------+-------+---------+---------+-------+---------
           D:1 |       0 |      21 |   0.0 |       0 |      13 |   0.0 |   922
           D:2 |       0 |      10 |   0.0 |       0 |       4 |   0.0 |   130
               +---------+---------+-------+---------+---------+-------+---------
